Map: 机械城 - 天梯版

Players

Maru - Winner!

  • Race: Terran Terran
  • League: Gold

Crimson

  • Race: Zerg Zerg
  • League: Master

Event: WESG 2018 Grand Finals

VOD

Have the link to the VOD?

Description

Time

  • Played on: March 11, 2019, 5 a.m.
  • Length: 9:33

All games in this series

Show
View Real Time Build Order
Export as new Build Order

Maru Terran - Winner!

Build Orders: Gas First Reaper Expand, Hellion Banshee 

Get SALT Encoding   

  12  0:00  SCV  
  13  0:12  SCV  
  14  0:17  Supply Depot  
  14  0:25  SCV  
  15  0:30  Refinery  
  15  0:39  SCV  
  16  0:45  Barracks  
  16  0:51  SCV  
  17  1:03  SCV  
  18  1:15  SCV  
  19  1:32  Reaper, Orbital Command  
  20  1:44  Command Center  
  20  1:56  Factory  
  20  1:59  SCV  
  21  2:08  Barracks Reactor  
  21  2:12  SCV  
  21  2:14  Supply Depot  
  22  2:20  Refinery  
  22  2:24  SCV  
  23  2:36  SCV  
  24  2:47  Starport  
  24  2:52  Hellion x2  
  24  2:53  SCV  
  24  2:55  Marine  
  30  3:00  Orbital Command  
  30  3:05  SCV  
  31  3:16  Hellion x2  
  31  3:18  Marine  
  36  3:26  Armory  
  36  3:30  Medivac  
  38  3:38  Hellion  
  38  3:39  Hellion  
  42  3:44  Supply Depot  
  42  3:47  SCV x2  
  44  3:59  SCV x2  
  46  4:04  Starport Tech Lab  
  46  4:05  Hellion x2  
  46  4:07  Marine  
  51  4:11  Supply Depot  
  51  4:14  SCV x2  
  53  4:26  SCV  
  53  4:27  SCV  
  54  4:33  Hellion x2  
  54  4:35  Banshee  
  54  4:38  SCV  
  62  4:41  SCV  
  56  4:50  SCV  
  56  4:51  Cloaking Field  
  53  4:54  SCV  
  56  5:00  Hellion x2  
  56  5:02  SCV  
  56  5:05  Supply Depot  
  59  5:20  SCV  
  60  5:21  Command Center  
  60  5:25  SCV  
  60  5:27  Banshee, Supply Depot  
  64  5:32  SCV  
  64  5:34  Hellion x8  
  69  5:37  SCV  
  69  5:39  Supply Depot  
  70  5:46  Barracks Tech Lab  
  70  5:49  SCV  
  71  5:50  Factory x2  
  71  5:51  SCV  
  72  6:01  SCV  
  72  6:03  SCV  
  74  6:04  Hellion x2  
  74  6:11  Refinery, Supply Depot  
  78  6:12  Refinery  
  78  6:13  SCV  
  78  6:14  Banshee  
  78  6:15  SCV  
  83  6:23  Armory, Terran Vehicle Weapons Level 1  
  83  6:25  SCV  
  84  6:27  SCV  
  85  6:33  Hellion  
  85  6:37  Factory Tech Lab, SCV  
  85  6:38  Orbital Command  
  85  6:40  SCV  
  85  6:45  Hellion  
  85  6:46  Hellion  
  77  6:54  Hellion  
  77  6:57  SCV  
  77  7:00  Banshee  
  83  7:07  Hellion  
  87  7:12  Orbital Command  
  87  7:14  Thor  
  91  7:17  Supply Depot, Thor  
  91  7:19  Hellion  
  91  7:22  Supply Depot, SCV x2  
  101  7:28  Hellion  
  103  7:34  SCV  
  103  7:35  Refinery  
  104  7:37  Refinery  
  104  7:39  SCV x2  
  104  7:40  Supply Depot  
  104  7:41  Supply Depot  
  106  7:46  SCV  
  106  7:47  Banshee  
  106  7:48  Infernal Pre-Igniter, Mag-Field Accelerator  
  110  7:53  SCV  
  110  7:56  SCV  
  110  7:58  SCV  
  113  8:03  Supply Depot  
  113  8:05  SCV  
  114  8:06  Supply Depot  
  114  8:08  SCV  
  115  8:13  Cyclone x2  
  115  8:15  SCV  
  122  8:22  Factory  
  122  8:23  Factory  
  122  8:24  SCV x2  
  124  8:28  SCV  
  125  8:36  SCV x2  
  125  8:40  SCV  
  128  8:44  Hellion  
  128  8:45  Cyclone  
  133  8:48  SCV  
  133  8:53  Command Center  
  133  8:58  Cyclone  
  133  9:01  SCV x2  
  118  9:14  SCV x3  
  102  9:24  Factory Tech Lab  
Show
View Real Time Build Order
Export as new Build Order

Crimson Zerg 

Build Orders: Hatch First, Muta Ling Bane 

Get SALT Encoding   

  12  0:00  Drone  
  13  0:12  Overlord  
  13  0:18  Drone  
  14  0:31  Drone x2  
  16  0:50  Hatchery  
  16  0:53  Drone  
  16  0:56  Drone  
  17  0:59  Drone  
  18  1:11  Extractor  
  18  1:15  Spawning Pool  
  18  1:18  Drone  
  17  1:22  Drone  
  18  1:29  Drone  
  19  1:41  Drone  
  20  1:53  Drone  
  21  2:02  Queen x2  
  21  2:03  Zergling x4  
  27  2:18  Drone  
  27  2:19  Overlord  
  28  2:27  Hatchery  
  27  2:31  Metabolic Boost  
  27  2:35  Drone  
  28  2:51  Drone  
  28  2:55  Overlord  
  28  2:58  Drone x3  
  32  3:02  Drone  
  33  3:10  Drone x2  
  35  3:17  Drone x2  
  37  3:21  Queen  
  37  3:24  Overlord  
  39  3:28  Queen  
  39  3:29  Drone  
  39  3:30  Drone  
  39  3:31  Zergling x2  
  44  3:38  Overlord  
  44  3:41  Zergling x4  
  44  3:46  Queen  
  44  3:48  Drone x2  
  50  3:51  Drone  
  50  3:54  Drone x2  
  53  3:57  Drone  
  53  4:01  Queen  
  57  4:02  Zergling x2  
  57  4:04  Zergling x2  
  58  4:10  Zergling x2  
  58  4:11  Baneling Nest, Zergling x2  
  59  4:19  Zergling x4  
  61  4:28  Zergling x4  
  61  4:29  Zergling x2  
  59  4:47  Drone x4  
  59  4:48  Drone x2  
  59  4:49  Drone  
  59  4:52  Spore Crawler  
  64  4:53  Spore Crawler  
  64  4:55  Spore Crawler, Drone x2  
  64  4:59  Drone x4  
  66  5:02  Extractor  
  66  5:03  Drone, Extractor  
  66  5:04  Lair, Evolution Chamber x2  
  61  5:17  Drone  
  61  5:19  Zergling x8  
  61  5:20  Zergling x2  
  62  5:28  Drone  
  62  5:34  Overlord x2  
  62  5:36  Spore Crawler  
  62  5:38  Overlord  
  61  5:44  Overlord  
  61  5:47  Zerg Melee Weapons Level 1, Zerg Ground Armor Level 1  
  61  5:52  Overlord  
  61  5:53  Drone  
  62  5:57  Drone x3  
  62  6:02  Drone x2  
  62  6:03  Zergling x6  
  69  6:07  Drone x5  
  69  6:08  Overseer  
  69  6:10  Drone  
  75  6:11  Centrifical Hooks  
  75  6:16  Drone, Extractor  
  75  6:18  Zergling x4  
  75  6:19  Zergling x4  
  75  6:20  Baneling x3  
  75  6:21  Baneling x4  
  79  6:26  Baneling x2  
  79  6:31  Zergling x4  
  71  6:46  Queen  
  64  6:47  Queen  
  64  6:52  Drone  
  64  6:53  Spire, Drone x6  
  64  6:54  Drone x6  
  76  7:02  Overlord  
  76  7:03  Queen  
  75  7:11  Drone x2  
  75  7:15  Drone  
  73  7:18  Zergling x2  
  73  7:19  Zergling x4  
  73  7:22  Overlord  
  76  7:25  Drone x2  
  76  7:26  Extractor x2  
  76  7:27  Drone x2  
  77  7:35  Drone x2  
  79  7:41  Drone  
  80  7:47  Hatchery  
  78  7:59  Queen  
  78  8:00  Queen  
  82  8:12  Zergling x4, Mutalisk  
  84  8:13  Mutalisk x4  
  84  8:15  Overlord  
  84  8:16  Overlord  
  94  8:20  Overseer  
  94  8:32  Mutalisk x2  
  98  8:37  Zergling x8  
  98  8:40  Mutalisk  
  104  8:43  Zergling x10  
  109  8:51  Mutalisk x2  
  109  8:55  Mutalisk  
  105  8:58  Zergling x4, Baneling x2  
  105  8:59  Zergling x2  
  105  9:02  Zergling x2  
  107  9:03  Hatchery  
  107  9:04  Baneling  
  107  9:06  Zergling x4  
  101  9:16  Zergling x4  
Tags
 
Add a new tag
Caveats
  • Supply blocks, unpowered buildings, or Contaminate may cause inaccurate times.
  • Supply counts are checked every 10 seconds.